 Dungeon Crawl Stone Soup version 0.17-a0-896-g249456b (webtiles) character file.

3501 laxity the Arsonist (level 9, 0/45 HPs)
             Began as a Deep Elf Fire Elementalist on May 1, 2015.
             Was a Believer of Vehumet.
             Killed by the air
             ... invoked by Gastronok
              (19 damage)
             ... on level 8 of the Dungeon.
             The game lasted 00:29:48 (11186 turns).

laxity the Arsonist (Deep Elf Fire Elementalist)   Turns: 11186, Time: 00:29:48

Health: 0/45       AC:  7    Str:  5    XL:     9   Next: 80%
Magic:  10/24      EV: 13    Int: 24    God:    Vehumet [**....]
Gold:   548        SH:  0    Dex: 15    Spells: 4 memorised, 17 levels left

rFire  . . .     SeeInvis .     m - +4 short sword
rCold  . . .     Clarity  .     C - +2 robe {MR+}
rNeg   + . .     SustAb   .     (no shield)
rPois  .         Gourm    .     n - +0 helmet
rElec  .         Spirit   .     s - +0 cloak
rCorr  .         Warding  +     F - +0 pair of gloves
rMut   .         Stasis   .     (no boots)
MR     ++...                    p - amulet of warding
Stlth  ++........               (no ring)
                                u - ring of protection from magic

@: very resistant to hostile enchantments, unstealthy
A: no striking features
a: Renounce Religion


You were on level 8 of the Dungeon.
You worshipped Vehumet.
Vehumet was pleased with you.
You were not hungry.

You visited 2 branches of the dungeon, and saw 9 of its levels.

You collected 548 gold pieces.

Inventory:

Hand weapons
 m - a +4 short sword (weapon)
 r - a +2 quarterstaff of chaos
Armour
 h - a +0 robe of cold resistance
 n - a +0 helmet (worn)
 s - a +0 cloak (worn)
 x - a +0 robe of fire resistance
 C - a +2 robe of magic resistance (worn)
 F - a +0 pair of gloves (worn)
Jewellery
 p - an amulet of warding (around neck)
 u - a ring of protection from magic (left hand)
 y - an uncursed ring of teleportation
Magical devices
 k - a wand of cold (0)
 E - a wand of frost (24)
 G - a wand of polymorph (16)
Scrolls
 e - 2 scrolls of noise
 g - 3 scrolls of remove curse
 l - 3 scrolls of magic mapping
 t - 3 scrolls of identify
Potions
 f - a potion of ambrosia
 i - a potion of haste
 o - 2 potions of berserk rage
 q - 3 potions of heal wounds
 v - a potion of poison
 z - a potion of magic
 I - a potion of brilliance
Books
 b - a book of Flames

   Spells                             Type                      Level
   a - Flame Tongue                   Conjuration/Fire             1
   b - Throw Flame                    Conjuration/Fire             2
   c - Conjure Flame                  Conjuration/Fire             3
   d - Inner Flame                    Hexes/Fire                   3
   e - Sticky Flame                   Conjuration/Fire             4
   f - Fireball                       Conjuration/Fire             5
 w - an Akashic Record {highlevel}

   This book is beyond your current level of understanding.

   Spells                             Type                      Level
   a - Dispersal                      Translocation                6
   b - Controlled Blink               Translocation                7
   c - Malign Gateway                 Summoning/Translocation      7
   d - Disjunction                    Translocation                8
   e - Singularity                    Translocation                9
Comestibles
 a - 4 fruits
 c - 6 bread rations
 d - 3 meat rations
 j - 6 chunks of flesh
 A - a beef jerky


   Skills:
 - Level 2.4 Dodging
 - Level 2.4 Stealth
 + Level 9.8 Spellcasting
 + Level 7.9 Conjurations
 + Level 11.0 Fire Magic


You had 17 spell levels left.
You knew the following spells:

 Your Spells              Type           Power        Failure   Level  Hunger
a - Flame Tongue          Conj/Fire      #####        1%          1    None
b - Throw Flame           Conj/Fire      ######       1%          2    None
c - Sticky Flame          Conj/Fire      ######..     1%          4    #......
d - Conjure Flame         Conj/Fire      ######..     1%          3    None


Dungeon Overview and Level Annotations

Branches:
Dungeon (8/15)             Temple (1/1) D:6
   Lair: D:8-11

Altars:
Ashenzari
Cheibriados
Dithmenos
Elyvilon
Fedhas
Gozag
Kikubaaqudgha
Makhleb
Nemelex Xobeh
Okawaru
Qazlal
Ru
Sif Muna
Trog
Vehumet
Xom
Yredelemnul
Zin
The Shining One

Shops:
D:4 :

Annotations:
D:8 Gastronok


Message History

The flame tongue misses the orc wizard.
Casting: Flame Tongue
Confirm with . or Enter, or press ? or * to list all spells.
Aiming: Flame Tongue
Press: ? - help, Shift-Dir - straight line, f/p - orc wizard
Aim: an orc wizard, wielding a dagger and wearing a robe The flame tongue misses the orc wizard.
The orc wizard gestures at you while chanting.
The puff of flame hits you!
Casting: Flame Tongue
Confirm with . or Enter, or press ? or * to list all spells.
Aiming: Flame Tongue
Press: ? - help, Shift-Dir - straight line, f/p - orc wizard
Aim: an orc wizard, wielding a dagger and wearing a robe The flame tongue hits the orc wizard.
The orc wizard is heavily wounded.
Something tries to affect you, but you resist.
Gastronok waves his eye-stalks in wide circles.
The air twists around and strikes you!
You die...

)...........(
.)...†.....
#w......... #(.##
##o.## ##.o# ##§##
##.## #@.## ##..##
##..## ##..# #.
#####.## #..#
###......## #..#
###......#..####..#
##.......)##..#...#
#
##.........###.....#
#


You could see Gastronok and 2 orc wizards.

Vanquished Creatures
  A two-headed ogre (D:8)
  A spriggan (D:7)
  A deep elf mage (D:8)
  An ice beast (D:8)
  A wasp (D:7)
  A sky beast (D:7)
  A phantom (D:4)
  An ogre (D:6)
  3 centaurs
  3 giant frogs
  Blork the orc (D:4)
  A big kobold (D:6)
  2 gnoll sergeants (D:6)
  4 scorpions
  8 wights
  2 centaur skeletons (D:6)
  A crimson imp (D:6)
  2 jellies
  2 centaur zombies
  3 gnoll shamans (D:6)
  3 orc wizards
  Crazy Yiuf (D:3)
  2 orc priests
  6 hounds
  An iguana (D:6)
  7 worker ants
  A hound skeleton (D:3)
  2 worker ant zombies
  Robin (D:3)
  18 gnolls
  10 adders
  A shadow imp (D:7)
  An ooze (D:4)
  2 adder skeletons
  3 worms
  18 orcs
  A bat skeleton (D:3)
  7 giant cockroaches
  20 goblins
  20 hobgoblins
  3 jackals (D:2)
  4 quokkas
  2 ball pythons
  A ball python skeleton (D:3)
  14 bats
  4 giant geckos
  A giant gecko skeleton (D:4)
  7 giant newts
  2 jackal skeletons (D:4)
  17 kobolds
  A quokka skeleton (D:4)
  7 rats
228 creatures vanquished.

Notes
Turn   | Place    | Note
--------------------------------------------------------------
     0 | D:1      | laxity, the Deep Elf Fire Elementalist, began the quest for the Orb.
     0 | D:1      | Reached XP level 1. HP: 10/10 MP: 6/6
   572 | D:1      | Reached XP level 2. HP: 15/15 MP: 6/8
   576 | D:1      | Learned a level 2 spell: Throw Flame
   597 | D:1      | Reached skill level 4 in Fire Magic
  1282 | D:2      | Reached XP level 3. HP: 3/19 MP: 0/9
  1755 | D:2      | Found a blossoming altar of Fedhas.
  1851 | D:2      | Reached skill level 5 in Fire Magic
  2163 | D:2      | Reached XP level 4. HP: 24/24 MP: 6/10
  2175 | D:2      | Learned a level 4 spell: Sticky Flame
  2403 | D:2      | Found a deep blue altar of Sif Muna.
  2446 | D:3      | Noticed Robin
  2969 | D:3      | Reached skill level 6 in Fire Magic
  3066 | D:3      | Killed Robin
  3470 | D:3      | Reached XP level 5. HP: 28/28 MP: 7/11
  3911 | D:3      | Reached skill level 7 in Fire Magic
  4245 | D:3      | Noticed Crazy Yiuf
  4250 | D:3      | Learned a level 3 spell: Conjure Flame
  4252 | D:3      | Killed Crazy Yiuf
  4252 | D:3      | Reached XP level 6. HP: 32/32 MP: 5/12
  4675 | D:4      | Found Ylofewk's Book Shop.
  4931 | D:4      | Reached skill level 8 in Fire Magic
  5719 | D:4      | Found a snail-covered altar of Cheibriados.
  5719 | D:4      | Found a shimmering altar of Xom.
  5720 | D:4      | Found a bloodstained altar of Trog.
  5720 | D:4      | Found a shattered altar of Ashenzari.
  5724 | D:4      | Found a blossoming altar of Fedhas.
  5739 | D:4      | Noticed Blork the orc
  5750 | D:4      | Killed Blork the orc
  5750 | D:4      | Reached XP level 7. HP: 20/36 MP: 3/14
  6285 | D:5      | Entered Level 5 of the Dungeon
  6782 | D:5      | Found a glowing golden altar of the Shining One.
  7210 | D:5      | Reached skill level 5 in Spellcasting
  7617 | D:6      | Reached skill level 9 in Fire Magic
  7683 | D:6      | Found a staircase to the Ecumenical Temple.
  7693 | Temple   | Entered the Ecumenical Temple
  7914 | Temple   | Became a worshipper of Vehumet
  8035 | D:6      | Reached XP level 8. HP: 41/41 MP: 9/18
  8707 | D:6      | Reached skill level 5 in Conjurations
  8963 | D:6      | Acquired Vehumet's first power
  8963 | D:6      | Offered knowledge of Sting by Vehumet.
  9491 | D:6      | Reached skill level 10 in Fire Magic
  9626 | D:7      | Reached XP level 9. HP: 45/45 MP: 13/22
 10084 | D:7      | Offered knowledge of Shock by Vehumet.
 10700 | D:7      | Found an opulent altar of Gozag.
 11171 | D:8      | Reached skill level 11 in Fire Magic
 11175 | D:8      | Noticed Gastronok
 11186 | D:8      | Killed from afar by Gastronok

Action                   |  1- 3 |  4- 6 |  7- 9 || total
-------------------------+-------+-------+-------++-------
Melee: Short sword       |    14 |     1 |    30 ||    45
 Cast: Flame Tongue      |    69 |   142 |   348 ||   559
       Throw Flame       |       |    14 |    36 ||    50
       Sticky Flame      |       |     1 |    10 ||    11
       Conjure Flame     |       |     6 |     7 ||    13
Evoke: Wand              |       |       |     3 ||     3
  Use: Potion            |     1 |       |       ||     1
       Scroll            |       |       |    17 ||    17
  Eat: Chunk             |     4 |    12 |    17 ||    33
